 Dungeon Crawl Stone Soup version 0.32-a0-886-g41c5271027 (webtiles) character file.

Game seed: 14906786447847979976

277 wildpjah the Slasher (level 6, -1/46 HPs)
             Began as a Demonspawn Gladiator on Apr 2, 2024.
             Slain by a steam dragon (4 damage)
             ... on level 4 of the Dungeon.
             The game lasted 00:06:34 (2730 turns).

wildpjah the Slasher (Demonspawn Gladiator)         Turns: 2730, Time: 00:06:34

Health: -1/46      AC:  6    Str: 14    XL:     6   Next: 4%
Magic:  6/6        EV: 11    Int: 15    God:
Gold:   107        SH:  0    Dex: 16    Spells: 5/5 levels left

rFire   . . .        a - +0 long sword
rCold   . . .        (no shield)
rNeg    . . .        g - +0 ring mail
rPois   .            c - +0 helmet
rElec   .            (no cloak)
rCorr   .            (no gloves)
SInv    .            (no boots)
Will    .....        (no amulet)
Stlth   +            v - +6 ring of intelligence
HPRegen 0.27/turn    (no ring)
MPRegen 0.10/turn

%: no passive effects
@: no status effects
A: claws 2, icemail 1, condensation shield
a: no special abilities


You were on level 4 of the Dungeon.
You visited 1 branch of the dungeon, and saw 4 of its levels.

You collected 107 gold pieces.

Inventory:

Hand Weapons
 a - a +0 long sword (weapon)
 i - a +0 quarterstaff
 j - a +0 mace
Missiles
 d - 2 throwing nets
 l - 4 stones (quivered)
Armour
 b - a +0 leather armour
 c - a +0 helmet (worn)
 g - a +0 ring mail (worn)
Jewellery
 v - a +6 ring of intelligence (left claw)
Wands
 w - a wand of iceblast (12)
Scrolls
 f - 5 scrolls of identify {unknown}
 k - a scroll of noise {unknown}
 n - a scroll of amnesia {unknown}
 r - a scroll of vulnerability {unknown}
 s - a scroll of enchant armour {unknown}
 t - a scroll of poison {unknown}
Potions
 h - 2 potions of mutation {unknown}
 m - a potion of brilliance {unknown}
 o - a potion of lignification {unknown}
 p - a potion of heal wounds {unknown}
 q - 3 potions of curing {unknown}
 u - a potion of haste {unknown}
 x - a potion of ambrosia {unknown}
 z - a potion of might {unknown}


   Skills:
 + Level 2.8 Fighting
 + Level 4.7 Long Blades
 + Level 2.0 Throwing
 + Level 1.8 Armour
 + Level 3.3 Dodging
 + Level 0.4 Stealth
 + Level 0.8 Shields


You had 5 spell levels left.
You didn't know any spells.
Your spell library contained the following spells:

 Spells                   Type           Power      Damage    Failure   Level
 Apportation              Tloc           0%         N/A       47%         1
 Jinxbite                 Hex            0%         N/A       63%         2
 Alistair's Intoxication  Alch           0%         N/A       100%        5


Dungeon Overview and Level Annotations

Branches:
Dungeon (4/15)
 Temple: D:4-7

Altars:


Innate Abilities, Weirdness & Mutations

You have very sharp fingernails.
A meltable icy envelope protects you from harm. (AC +0)
A meltable shield of frost defends you. (SH +0)


Message History

The steam dragon bites you.
The steam dragon claws you but does no damage.
You closely miss the steam dragon.
The steam dragon is lightly wounded.
The steam dragon bites you but does no damage.
The steam dragon closely misses you.
The steam dragon bites you but does no damage.
The steam dragon claws you.
You hit the steam dragon but do no damage.
The steam dragon is lightly wounded.
A jelly comes into view.
The steam dragon breathes steam at you. The ball of steam misses you.
You closely miss the steam dragon.
The steam dragon is lightly wounded.
The steam dragon barely misses you. x2
You hit the steam dragon.
The steam dragon is moderately wounded.
The steam dragon bites you. The steam dragon claws you.
You hit the steam dragon.
The steam dragon is moderately wounded.
The steam dragon bites you but does no damage.
The steam dragon claws you but does no damage.
You barely miss the steam dragon.
The steam dragon is moderately wounded.
The steam dragon breathes steam at you. The ball of steam misses you.
You hit the steam dragon but do no damage.
The steam dragon is moderately wounded.
The steam dragon barely misses you.
The steam dragon claws you but does no damage.
The steam dragon bites you! The steam dragon claws you.
You open the door. The steam dragon closely misses you.
The steam dragon claws you. The jelly hits you.
* * * LOW HITPOINT WARNING * * *
You are splashed with acid!
* * * LOW HITPOINT WARNING * * *
The steam dragon attacks as it pursues you!
The steam dragon bites you.
You die...

..........#
.########.# .# #.#
### .# #.# #.# .#####
#>### #.#########
.....#
#...####.........####
.###.#
#.#.§.§J...........D(
.# #.#
#.######D#####.#.####
.# #.# #.######@## .#
.###.####.........#
.#
..................#
.#
.###.####.........#
.# .....# #.........#
.# .....# #.........#
.#
.....####.........#
..................+
....#####.........#


You could see a steam dragon and a jelly.

Vanquished Creatures
  A scorpion (D:2)
  A jelly (D:4)
  An orc priest (D:3)
  Jessica (D:3)
  An orc wizard (D:4)
  A gnoll (D:1)
  An adder (D:3)
  A dart slug (D:1)
  9 orcs
  7 endoplasms
  2 giant cockroaches (D:1)
  5 goblins
  9 hobgoblins
  4 jackals (D:2)
  4 quokkas
  2 ball pythons
  8 bats
  2 frilled lizards
  7 kobolds
  6 rats
73 creatures vanquished.

Notes
Turn   | Place    | Note
-------+----------+-------------------------------------------
     0 | D:1      | wildpjah the Demonspawn Gladiator began the quest for the
                  | Orb.
     0 | D:1      | Reached XP level 1. HP: 16/16 MP: 1/1
   108 | D:1      | Reached skill level 3 in Long Blades
   170 | D:1      | Gained mutation: A meltable shield of frost defends you.
                  | (SH +0) [demonic ancestry]
   170 | D:1      | Reached XP level 2. HP: 9/22 MP: 2/2
   631 | D:1      | Gained mutation: A meltable icy envelope protects you from
                  | harm. (AC +0) [demonic ancestry]
   631 | D:1      | Reached XP level 3. HP: 20/27 MP: 3/3
  1114 | D:2      | Noticed a scorpion
  1124 | D:2      | Killed a scorpion
  1125 | D:2      | Reached skill level 4 in Long Blades
  1125 | D:2      | Reached skill level 1 in Armour
  1125 | D:2      | Gained mutation: You have sharp fingernails. [demonic
                  | ancestry]
  1125 | D:2      | Reached XP level 4. HP: 12/34 MP: 4/4
  1602 | D:3      | Gained mutation: You have very sharp fingernails. [demonic
                  | ancestry]
  1602 | D:3      | Reached XP level 5. HP: 36/39 MP: 5/5
  1696 | D:3      | Noticed Jessica
  1703 | D:3      | Killed Jessica
  2519 | D:4      | Reached XP level 6. HP: 32/46 MP: 6/6
  2704 | D:4      | Noticed a steam dragon
  2730 | D:4      | Slain by a steam dragon

Illustrated notes

Levels and vault maps discovered:
D:1:      dpeg_arrival_rooms_with_view, layout_loops_cross, minmay_cupped
D:2:      layout_rooms
D:3:      layout_loops_ring, serial_bayou_pond_b, grunt_ministairs_2,
          mrwooster_statue_mirror, uniq_jessica
D:4:      layout_basic

Skill      XL: |  1  2  3  4  5 |
---------------+----------------+-----
Long Blades    | 3 4 |  4.7
Dodging        | 3 |  3.3
Armour         | 1 |  1.8
Throwing       | 2 |  2.0
Fighting       | |  2.8
Stealth        | |  0.4
Shields        | |  0.8

Action                     |  1- 3 |  4- 6 || total
---------------------------+-------+-------++-------
  Melee: Long sword        |   124 |   131 ||   255
  Throw: Throwing net      |     2 |       ||     2
         Stone             |     1 |    14 ||    15
         Javelin           |     1 |     1 ||     2
 Armour: Ring mail         |   102 |   103 ||   205
         Leather armour    |     4 |       ||     4
  Dodge: Dodged            |    61 |    60 ||   121
  Block: Other             |    21 |    22 ||    43

Table legend: (Time is in decaauts)
 A = Elapsed time spent in this place.
 B = Non-inter-level travel time spent in this place.
 C = Inter-level travel time spent in this place.
 D = Time resting spent in this place.
 E = Time spent auto-exploring this place.
 F = Levels seen in this place.
 G = Mean time per level.
                   A        B        C        D        E       F      G
               +--------+--------+--------+--------+--------+-----+--------+
         Total |   2788 |   2720 |     68 |    122 |   1868 |   4 |  697.0 |
       Dungeon |   2788 |   2720 |     68 |    122 |   1868 |   4 |  697.0 |
               +--------+--------+--------+--------+--------+-----+--------+

Top non-repeatable levels by time:
     D:3: 941 daAuts
     D:1: 866 daAuts
     D:2: 608 daAuts
     D:4: 371 daAuts
